Description

Uploaded the Lambo vs AI build order from his youtube channel! This has build has made ZvT sooo much more fun, highly recommend.

VOD

https://www.youtube.com/watch?v=iBaD-ck9UfI

Replay - 2023-03-30 - (Z)Lambo VS (T)A.I. 1 (Very Easy)

Build Order

Get SALT Encoding   

  12  0:00  Drone  
  13  0:12  Overlord  
  13  0:18  Drone  
  14  0:31  Drone x3  
  17  0:44  Drone, Extractor  
  17  0:48  Spawning Pool  
  16  0:55  Drone  
  17  1:06  Drone  
  18  1:15  Hatchery  
  17  1:19  Drone  
  18  1:35  Queen, Zergling x2  
  21  1:43  Zergling x2  
  22  1:47  Metabolic Boost  
  22  1:52  Overlord  
  22  2:10  Drone  
  22  2:12  Queen  
  26  2:24  Hatchery  
  26  2:28  Zergling x4  
  33  2:53  Overlord  
  34  3:02  Queen  
  39  3:16  Queen  
Spawning Tool Build Advisor. Get it on Overwolf

Go to:

Details

  • Created by: bango
  • Published on: Oct 19, 2023
  • Modified on: Oct 19, 2023
  • Patch: 5.0.11
  • Difficulty: Hard
Show
View Real Time Build Order
Export as new Build Order

Comments (0)

There are no comments. Be the first!

Create an account to comment!